 Dungeon Crawl Stone Soup version 0.21-a0-632-g1e37ce5 (webtiles) character file.

794 Dordric the Cudgeler (level 7, 0/52 HPs)
             Began as a Red Draconian Artificer on Dec 27, 2017.
             Was an Initiate of Gozag.
             Slain by an orc priest
             ... wielding a +0 flail
              (9 damage)
             ... on level 5 of the Dungeon.
             The game lasted 00:08:44 (4928 turns).

Dordric the Cudgeler (Red Draconian Artificer)      Turns: 4928, Time: 00:08:45

Health: 0/52       AC:  6    Str: 19    XL:     7   Next: 58%
Magic:  11/11      EV:  9    Int: 11    God:    Gozag
Gold:   279        SH:  8    Dex: 13    Spells: 6/6 levels left

rFire    + . .     SeeInvis .   g - +2 whip (elec)
rCold    . . .     Gourm    .   n - +1 shield
rNeg     . . .     Faith    .   (armour unavailable)
rPois    .         Spirit   .   (helmet restricted)
rElec    .         Reflect  .   (no cloak)
rCorr    .         Harm     .   (no gloves)
MR       .....                  (no boots)
Stlth    +++.......             h - amulet of magic regeneration
HPRegen  0.17/turn              e - ring of stealth
MPRegen  0.37/turn              p - +4 ring of strength

@: short of breath, gold aura
A: breathe fire, unfitting armour, fire resistance 1, cold-blooded, AC +6
a: Breathe Fire, Potion Petition, Call Merchant, Bribe Branch, Renounce Religion


You were on level 5 of the Dungeon.
You worshipped Gozag.
Gozag was aware of your devotion.
You were not hungry.

You visited 1 branch of the dungeon, and saw 5 of its levels.

You collected 329 gold pieces.
You paid 50 gold pieces to Gozag.

Inventory:

Hand Weapons
 a - a +0 short sword
 g - a +2 whip of electrocution (weapon)
 x - a +0 flail of crushing
Armour
 n - a +1 shield (worn)
Jewellery
 e - a ring of stealth (left hand)
 h - an amulet of magic regeneration (around neck)
 p - a +4 ring of strength (right hand)
 y - an uncursed ring of fire
Wands
 b - a wand of flame (15)
 c - a wand of enslavement (15)
 d - a wand of random effects (41)
Scrolls
 k - a scroll of teleportation
 l - a scroll of fear {unknown}
 m - 4 scrolls of remove curse
 o - 2 scrolls of noise {unknown}
 t - a scroll of identify
 A - a scroll of amnesia {unknown}
 D - a scroll of magic mapping {unknown}
Potions
 i - a potion of magic {unknown}
 j - a potion of invisibility {unknown}
 q - 2 potions of cancellation {unknown}
 r - 2 potions of brilliance {unknown}
 s - 5 potions of curing {unknown}
 u - a potion of degeneration {unknown}
 w - 3 potions of berserk rage {unknown}
 z - a potion of heal wounds {unknown}
 B - a potion of agility {unknown}
 C - a potion of haste {unknown}
Books
 v - a book of Cantrips

   Spells                             Type                      Level
   a - Confusing Touch                Hexes                        1
   b - Animate Skeleton               Necromancy                   1
   c - Summon Small Mammal            Summoning                    1
   d - Apportation                    Translocation                1
Comestibles
 f - 10 rations


   Skills:
 - Level 1.1 Fighting
 - Level 1.0 Short Blades
 * Level 6.8 Maces & Flails
 - Level 1.7 Dodging
 - Level 0.8 Stealth
 + Level 5.7 Evocations


You had 6 spell levels left.
You didn't know any spells.

Dungeon Overview and Level Annotations

Branches:
Dungeon (5/15)             Temple (0/1) D:5

Altars:
Gozag
Ru
Xom


Innate Abilities, Weirdness & Mutations

You can breathe blasts of fire.
Your fiery red scales are hard. (AC +6)
You cannot fit into any form of body armour.
Your flesh is heat resistant. (rF+)
You are cold-blooded and may be slowed by cold attacks.


Message History

You hit the orc priest.
The orc priest is moderately wounded.
The orc priest mumbles some strange prayers to Beogh against you.
Beogh smites you!
* * * LOW HITPOINT WARNING * * *
The orc priest hits you but does no damage.
You hit the orc priest.
Lightning courses through the orc priest!
You kill the orc priest!
The orc priest hits you but does no damage.
You barely miss the orc priest.
Your tail-slap misses the orc priest.
You barely miss the orc priest. You block the orc priest's attack.
You hit the orc priest. You tail-slap the orc priest.
The orc priest is heavily wounded.
You block the orc priest's attack.
You closely miss the orc priest.
The orc priest is heavily wounded.
The orc priest hits you with a flail!
You die...
Your body crumbles into a pile of gold.

...................>.#
####.#.#######.#.##..#
#.#.........#.##..#
####.###########.##..#
......# #.##.(#
......## ####.##..#
.......# #........#
.....#.## #.##.###.#
.....#..# # #@# .#
.....##.##$....o$$...#
.....##..#........####
########.#...$...%#
#.#.....!..#
#.#........#
#.####+##..#
#..###.##..#
##.........


You could see an orc priest.

Vanquished Creatures
  An ogre (D:4)
  2 scorpions (D:5)
  3 howler monkeys
  A crimson imp (D:5)
  3 orc priests
  2 iguanas
  A bullfrog skeleton (D:5)
  2 orc wizards
  3 worker ants
  A hound skeleton (D:4)
  A howler monkey zombie (D:5)
  A worker ant zombie (D:5)
  4 adders (D:2)
  An adder skeleton (D:5)
  2 worms
  A dart slug (D:3)
  3 leopard geckos
  11 orcs
  7 bats
  5 giant cockroaches
  11 goblins
  7 hobgoblins
  3 jackals (D:4)
  10 kobolds
  3 quokkas
  A ball python (D:2)
  3 frilled lizards
  11 rats
  A butterfly (D:4)
105 creatures vanquished.

Notes
Turn   | Place    | Note
-------+----------+-------------------------------------------
     0 | D:1      | Dordric the Draconian Artificer began the quest for the Orb.
     0 | D:1      | Reached XP level 1. HP: 16/16 MP: 3/3
   482 | D:1      | Reached skill level 1 in Maces & Flails
   671 | D:1      | Reached XP level 2. HP: 23/23 MP: 4/4
  1377 | D:2      | Reached skill level 2 in Maces & Flails
  1441 | D:2      | Reached XP level 3. HP: 28/28 MP: 5/5
  1989 | D:2      | Reached XP level 4. HP: 33/35 MP: 6/6
  2263 | D:3      | Reached skill level 3 in Maces & Flails
  2881 | D:3      | Reached XP level 5. HP: 36/40 MP: 8/8
  3365 | D:4      | Reached skill level 4 in Maces & Flails
  3539 | D:4      | Found a shimmering altar of Xom.
  3604 | D:4      | Found an opulent altar of Gozag.
  3815 | D:4      | Reached XP level 6. HP: 46/47 MP: 9/9
  3835 | D:4      | Reached skill level 5 in Maces & Flails
  3927 | D:4      | Reached skill level 5 in Evocations
  4346 | D:4      | Became a worshipper of Gozag Ym Sagoz the Greedy
  4369 | D:5      | Entered Level 5 of the Dungeon
  4476 | D:5      | Found a staircase to the Ecumenical Temple.
  4612 | D:5      | Your scales start taking on a fiery red colour.
  4612 | D:5      | Reached XP level 7. HP: 52/52 MP: 10/10
  4612 | D:5      | Gained mutation: Your flesh is heat resistant. (rF+) [Red Draconian growth]
  4666 | D:5      | Reached skill level 6 in Maces & Flails
  4773 | D:5      | Found a sacrificial altar of Ru.
  4928 | D:5      | Slain by an orc priest

Vault maps used:
D:1:      nicolae_arrival_washed_ashore, grunt_decor_cap
D:4:      xom_butterflies, grunt_gozag_breadcrumbs
D:5:      bloody_trog, hangedman_ru_absence, minmay_temple_entry_poolview,
          first_ration

Skill      XL: |  1  2  3  4  5  6  7 |
---------------+----------------------+-----
Maces & Flails | 1 2 3 4 5 6 |  6.8
Evocations     | 4 5 |  5.7
Fighting       | |  1.1
Short Blades   | |  1.0
Dodging        | |  1.7
Stealth        | |  0.8

Action                   |  1- 3 |  4- 6 |  7- 9 || total
-------------------------+-------+-------+-------++-------
Melee: Whip              |    81 |   149 |    44 ||   274
       Short sword       |     1 |       |       ||     1
       Tailslap          |     6 |    20 |     5 ||    31
       Flail             |       |    14 |       ||    14
 Abil: Breathe Fire      |       |       |     1 ||     1
  Use: Scroll            |       |     4 |       ||     4
 Stab: Sleeping          |    11 |     6 |     1 ||    18
       Distracted        |       |     2 |       ||     2
  Eat: Chunk             |     3 |     7 |       ||    10
       Ration            |       |     1 |       ||     1
Armor: Skin              |    22 |    34 |     7 ||    63
Dodge: Dodged            |    34 |    49 |     9 ||    92
Block: Shield            |    15 |    50 |    18 ||    83

Table legend:
 A = Spawn XP
 B = Non-spawn XP
 C = Spawn XP percentage of total XP
 D = Spawn monster count
 E = Non-spawn monster count
 F = Spawn count percentage of total count
 G = Total turns spent on level
                    A         B        C        D         E        F      G
               +---------+---------+-------+---------+---------+-------+---------
         Total |       0 |    1135 |   0.0 |       0 |     104 |   0.0 |  4928
               +---------+---------+-------+---------+---------+-------+---------
           D:1 |       0 |      24 |   0.0 |       0 |      15 |   0.0 |  1196
           D:2 |       0 |      79 |   0.0 |       0 |      21 |   0.0 |  1054
           D:3 |       0 |     128 |   0.0 |       0 |      30 |   0.0 |  1094
           D:4 |       0 |     381 |   0.0 |       0 |      17 |   0.0 |  1025
           D:5 |       0 |     523 |   0.0 |       0 |      21 |   0.0 |   559
               +---------+---------+-------+---------+---------+-------+---------
